 Dungeon Crawl Stone Soup version 0.16.1 (webtiles) character file.

244118 SKei0 the Executioner (level 19, -4/200 (208) HPs)
             Began as a Deep Dwarf Fighter on Mar 23, 2015.
             Was the Champion of Makhleb.
             Slain by a bone dragon (20 damage)
             ... on level 5 of the Swamp.
             The game lasted 03:49:51 (32567 turns).

SKei0 the Executioner (Deep Dwarf Fighter)         Turns: 32567, Time: 03:49:51

HP:   -4/200 (208)  AC:  5    Str: 32 (33) XL:     19   Next: 14%
MP:   32/32         EV:  8    Int:  4 (5)  God:    Makhleb [******]
Gold: 3928          SH:  9    Dex: 16      Spells: 0 memorised, 18 levels left

rFire  . . .     SeeInvis .     X - +3 broad axe of the Turnip {drain, +Rage +Inv MR- Int-4 Dex+4}
rCold  + . .     Clarity  .     I - +2 plate armour {rC+}
rNeg   + + .     SustAb   .     z - +3 buckler {rN+}
rPois  +         Gourm    .     v - +2 helmet
rElec  .         Spirit   .     G - +2 cloak
rCorr  .         Warding  .     M - +3 pair of gauntlets of War {Slay+5}
rMut   .         Stasis   .     t - +2 pair of boots
MR     +....                    T - amulet of Vitality {Regen+ HP+15}
Stlth  ..........               A - ring "Yhao" {+Fly Str+5}
                                R - ring of poison resistance

@: lethally poisoned (-4 -> -37), corroded equipment, very slightly
contaminated, non-regenerating, rotting, slowed, very slow, somewhat resistant
to hostile enchantments, extremely unstealthy
A: damage resistance, recharge devices, negative energy resistance 1, sense
surroundings 3, slow healing 3
a: Device Recharging, Minor Destruction, Lesser Servant of Makhleb, Major
Destruction, Greater Servant of Makhleb, Renounce Religion, Evoke Berserk Rage,
Evoke Invisibility, Evoke Flight
}: 1/15 runes: gossamer


You were on level 5 of the Swamp.
You worshipped Makhleb.
Makhleb was exalted by your worship.
You were hungry.

You visited 5 branches of the dungeon, and saw 37 of its levels.
You also visited: Ice Cave.

You collected 3928 gold pieces.

Inventory:

Hand weapons
 K - a +1 eveningstar of protection
 X - the +3 broad axe of the Turnip (weapon) {drain, +Rage +Inv MR- Int-4 Dex+4}
   (You took it off a centaur warrior on level 14 of the Dungeon)

   A truly terrible weapon, it drains the life of those it strikes.
   It affects your intelligence (-4).
   It affects your dexterity (+4).
   It affects your resistance to hostile enchantments.
   It lets you turn invisible.
   It lets you go berserk.
Armour
 t - a +2 pair of boots (worn)
 v - a +2 helmet (worn)
 z - a +3 buckler of positive energy (worn)
 B - a +3 chain mail of cold resistance
 G - a +2 cloak (worn)
 I - a +2 plate armour of cold resistance (worn)
 M - the +3 pair of gauntlets of War (worn) {Slay+5}
   (You found it on level 7 of the Lair of Beasts)

   It affects your accuracy and damage with ranged weapons and melee attacks
   (+5).
 P - a +0 crystal plate armour
Jewellery
 i - an uncursed ring of protection from cold
 l - an uncursed amulet of resist corrosion
 n - an uncursed ring of magical power
 s - a +2 ring of protection
 u - an uncursed ring of sustain abilities
 y - an uncursed amulet of resist mutation
 A - the ring "Yhao" (right hand) {+Fly Str+5}
   (You found it on level 4 of the Dungeon)

   [ring of strength]

   It affects your strength (+5).
   It lets you fly.
 R - a ring of poison resistance (left hand)
 T - the amulet of Vitality (around neck) {Regen+ HP+15}
   (You found it on level 15 of the Dungeon)

   [amulet of regeneration]

   It affects your health (+15).
   It increases your rate of regeneration.
 U - an uncursed ring of positive energy
Magical devices
 d - a wand of heal wounds (4)
 S - a wand of digging (12)
Scrolls
 b - a scroll of enchant armour
 e - 2 scrolls of recharging
 h - 6 scrolls of enchant weapon
 p - 10 scrolls of fog
 r - 6 scrolls of identify
 w - 19 scrolls of remove curse
 D - 3 scrolls of silence
 E - 5 scrolls of amnesia
 F - 3 scrolls of magic mapping
 H - a scroll of brand weapon
 J - 2 scrolls of blinking
 V - 11 scrolls of teleportation
 Y - 5 scrolls of fear
 Z - a scroll of holy word
Potions
 g - a potion of berserk rage
 j - 4 potions of resistance
 k - 6 potions of haste
 o - a potion of heal wounds
 q - 2 potions of invisibility
 x - 4 potions of restore abilities
 C - a potion of flight
 L - 5 potions of cancellation
 N - 10 potions of curing
 O - a potion of agility
 Q - 8 potions of brilliance
 W - a potion of might
Books
 a - a book of Death

   Spells                             Type                      Level
   a - Corpse Rot                     Necromancy                   2
   b - Sublimation of Blood           Necromancy                   2
   c - Agony                          Necromancy                   5
   d - Dispel Undead                  Necromancy                   5
   e - Excruciating Wounds            Charms/Necromancy            5
   f - Bolt of Draining               Conjuration/Necromancy       5
Comestibles
 c - 23 fruits
 f - 15 bread rations
 m - 17 meat rations


   Skills:
 + Level 17.6 Fighting
 * Level 21.5 Axes
 + Level 16.3 Armour
 - Level 7.5 Shields
 - Level 13.1 Invocations


You had 18 spell levels left.
You didn't know any spells.

Dungeon Overview and Level Annotations

Branches:
Dungeon (15/15)            Temple (0/1) D:7            Lair (8/8) D:9
  Swamp (5/5) Lair:5       Spider (5/5) Lair:3        Slime (0/6) Lair:6
    Orc (4/4) D:11            Elf (0/3) Orc:4        Vaults (0/5) D:13
 Depths (0/5) D:15

Altars:
Ashenzari
Elyvilon
Fedhas
Gozag
Makhleb
Okawaru
Qazlal
Ru
Sif Muna
Trog
Vehumet
Xom
Zin
The Shining One
Jiyva

Shops:
D:5 }   D:7 *   Orc:1 [=   Orc:4 :%(?

Portals:
Pandemonium: Orc:4

Annotations:
D:8 exclusion: oklob plant
Lair:5 1 exclusion
Lair:7 exclusion: oklob plant
Swamp:5 exclusion: oklob plant


Innate Abilities, Weirdness & Mutations

You are resistant to damage.
You can recharge devices by infusing magical energy.
You resist negative energy.
You passively map a large area around you.
You do not heal naturally.


Message History

The bone dragon completely misses you.
The bone dragon tramples you but does no damage.
You hit the bone dragon but do no damage.
The bone dragon is severely damaged.
You are engulfed in dark miasma.
You are lethally poisoned!
* * * LOW HITPOINT WARNING * * *
x2 You feel very sick.
The bone dragon bites you!
* * * LOW HITPOINT WARNING * * *
The bone dragon claws you but does no damage.
The bone dragon tramples you!
* * * LOW HITPOINT WARNING * * *
You hold your ground!
Drink which item? (? for menu, Esc to quit)
You feel much better.
You are engulfed in dark miasma.
* * * LOW HITPOINT WARNING * * *
x2 You feel very sick.
The bone dragon bites you!!
You die...

##≈≈...≈≈..# #≈....#≈≈..#
#≈≈..#..###...## #≈.#
#..###....# ..≈≈
#..≈###...## ♣♣♣
##§§§###...# ♣♣≈♣ ,
##§..##..?## ♣♣≈♣♣ ,
##..###D..# ♣≈♣♣♣♣
#...##@§## ♣≈.≈≈♣ **, , ,
##§§§#### ♣♣.≈≈♣♣♣ ,,
*#...## ♣♣♣ ♣≈≈≈..♣♣ ,,
#....# ♣.♣ ♣♣≈..≈≈♣ ,
#≈...## ♣.♣♣♣♣.<≈≈≈♣ **
###...# ♣♣♣§≈..≈.≈≈≈≈.
##≈≈..# ♣≈.≈≈≈≈≈.≈≈≈≈≈
###≈≈≈≈≈#♣#≈♣.≈≈≈.≈≈≈≈≈≈
##≈≈≈≈≈≈≈≈≈#♣.§§..≈.≈≈≈≈≈


You could see a bone dragon.

Vanquished Creatures
  Norris (Spider:2)
  Arachne (Spider:2)
  Nikola (Spider:5)
  An Ice Fiend (IceCv)
  Rupert (D:14)
  Agnes (Swamp:1)
  3 thorn hunters
  Frances (Swamp:3)
  Wiglaf (Swamp:3)
  3 ghost moths
  Aizul (Spider:5)
  Louise (Swamp:3)
  5 emperor scorpions
  Gastronok (Lair:3)
  5 ghost crabs
  17 hydras
  A vault guard (D:13)
  An ogre mage (D:15)
  5 centaur warriors
  Nessos (Swamp:1)
  Erica (Lair:1)
  7 alligators
  8 death yaks
  The ghost of asdu the Arsonist, a powerful DEFE of Sif Muna (D:11)
  A vampire mage (D:15)
  A spriggan berserker (Swamp:1)
  6 orc high priests (Orc:4)
  Nergalle (Lair:8)
  A death drake (Swamp:4)
  8 skeletal warriors
  6 ice devils
  Erolcha (D:13)
  A wizard (D:13)
  An unseen horror (D:12)
  A gelid demonspawn (Orc:4)
  6 spectral hydras
  A large abomination (Swamp:4)
  3 spriggan druids
  11 hill giants
  An ice statue (IceCv)
  A swamp dragon (Swamp:1)
  5 orc knights
  A torturous demonspawn (Orc:4)
  A putrid demonspawn (Orc:4)
  7 oklob plants (Lair:3)
  25 wolf spiders
  5 necromancers
  7 hornets
  A tengu skeleton (D:15)
  7 orc sorcerers
  2 phantasmal warriors (Swamp:4)
  A moth of wrath (Spider:4)
  4 cyclopes
  9 orb spiders
  A stone giant zombie (D:15)
  23 ugly things
  A stone giant skeleton (D:15)
  4 elephants (Lair:5)
  Joseph (D:8)
  6 centaur zombies
  A manticore (D:11)
  2 black mambas (Lair:4)
  A rust devil (Orc:4)
  3 torpor snails
  3 gargoyles
  7 komodo dragons
  Psyche (D:10)
  5 swamp worm zombies
  20 spiny frogs
  4 anaconda simulacra (IceCv)
  13 demonic crawlers
  5 freezing wraiths
  2 fire drakes (Lair:7)
  26 jumping spiders
  6 trolls
  2 hydra zombies (Swamp:5)
  17 giant leeches
  Prince Ribbit (D:8)
  A polar bear (Lair:6)
  8 alligator zombies
  3 slime creatures
  3 blue devils
  An ice dragon zombie (D:15)
  7 ravens
  4 basilisks
  4 spectral swamp dragons
  19 blink frogs
  2 boulder beetles
  A two-headed ogre (shapeshifter) (D:14)
  18 trapdoor spiders
  4 two-headed ogres
  16 bog bodies
  2 wyverns
  A wandering mushroom (Lair:8)
  60 yaks
  6 spriggans
  A wraith (D:14)
  43 redbacks
  3 dire elephant simulacra (IceCv)
  2 deep elf magi
  3 vampires
  A redback (shapeshifter) (D:14)
  6 shadows
  18 tarantellas
  10 hippogriffs
  A chaos spawn (Orc:4)
  3 iron troll simulacra (IceCv)
  5 giant leech zombies (Swamp:4)
  20 humans
  A neqoxec (Orc:4)
  27 vampire mosquitoes
  A deep elf fighter (D:15)
  2 hungry ghosts
  A steam dragon (D:8)
  4 harpy simulacra (IceCv)
  A spectral spiny frog (Swamp:3)
  11 wolves
  18 insubstantial wisps
  A soldier ant (D:14)
  A warg (Orc:2)
  3 hydra simulacra (IceCv)
  22 water moccasins
  37 swamp worms
  2 mottled dragons
  A spiny frog zombie (Swamp:4)
  43 spiders
  6 ice beasts
  2 ettin simulacra (IceCv)
  3 eyes of draining
  5 porcupines
  33 orc warriors
  10 swamp drakes
  12 ogres
  5 swamp dragon zombies (Swamp:5)
  4 sky beasts
  3 black bears
  5 boggarts (D:15)
  5 phantoms
  2 necrophages
  9 wasps
  18 centaurs
  An alligator simulacrum (IceCv)
  2 big kobolds
  14 crocodiles
  A boring beetle (Spider:3)
  Blork the orc (D:5)
  A spectral water moccasin (Swamp:5)
  46 giant frogs
  A gnoll sergeant (D:8)
  2 wyvern zombies (D:12)
  A wyvern skeleton (D:6)
  15 scorpions
  5 spriggan zombies (Swamp:4)
  2 troll zombies (Swamp:4)
  21 killer bees
  3 wights (D:14)
  A goliath beetle (D:7)
  10 electric eels
  9 crimson imps
  4 draconian simulacra (IceCv)
  3 human zombies (D:13)
  3 giant frog zombies
  2 giant frog skeletons
  21 orc priests
  5 centaur skeletons
  5 jellies
  12 iguanas
  A polar bear simulacrum (IceCv)
  Natasha (thrice) (D:4)
  7 hounds
  2 troll simulacra (IceCv)
  27 orc wizards
  6 worker ants
  11 sheep
  Ijyb (D:4)
  A centaur simulacrum (IceCv)
  2 mummies
  23 adders
  5 ogre simulacra (IceCv)
  45 river rats
  2 naga simulacra (IceCv)
  4 swamp drake zombies (Swamp:5)
  7 gnolls (D:8)
  2 shadow imps
  6 white imps (IceCv)
  3 giant mites
  5 worms
  6 ufetubi (IceCv)
  2 orc zombies (Orc:4)
  2 adder skeletons
  An ooze (D:3)
  151 orcs
  3 bat skeletons
  23 goblins
  15 hobgoblins
  13 jackals
  21 kobolds
  17 quokkas
  3 ball pythons
  14 bats
  8 giant cockroaches
  A giant gecko skeleton (D:6)
  6 giant newts
  A kobold zombie (D:10)
  A quokka skeleton (D:8)
  18 rats
  32 ballistomycetes
  16 briar patches
  9 fungi
  19 plants
1660 creatures vanquished.

Vanquished Creatures (collateral kills)
  3 orb spiders (Spider:5)
  Eustachio (Orc:2)
  A water moccasin (Swamp:1)
  An orc priest (Orc:2)
  4 orcs (Orc:2)
  A bat (Orc:2)
11 creatures vanquished.

Vanquished Creatures (others)
  A balrug (Spider:5)
  2 green deaths
  A spriggan druid (Swamp:5)
  An orb spider (Spider:5)
  A moth of wrath (Spider:5)
  A spiny frog (Swamp:5)
  A jumping spider (Spider:3)
  A redback (Spider:3)
  A phantom (Swamp:5)
  A killer bee (D:11)
  An orc wizard (D:8)
  8 giant spores
  2 fungi (Lair:2)
  2 plants
24 creatures vanquished.

Grand Total: 1695 creatures vanquished

Notes
Turn   | Place    | Note
--------------------------------------------------------------
     0 | D:1      | SKei0, the Deep Dwarf Fighter, began the quest for the Orb.
     0 | D:1      | Reached XP level 1. HP: 20/20 MP: 1/1
   656 | D:1      | Reached XP level 2. HP: 22/27 MP: 2/2
   952 | D:2      | Reached skill level 4 in Axes
   952 | D:2      | Reached XP level 3. HP: 23/33 MP: 3/3
   990 | D:2      | Found a shattered altar of Ashenzari.
  1333 | D:3      | Found an opulent altar of Gozag.
  1392 | D:3      | Reached XP level 4. HP: 7/40 MP: 4/4
  1483 | D:3      | Reached skill level 5 in Axes
  1936 | D:4      | Noticed Natasha
  1949 | D:4      | Reached XP level 5. HP: 31/46 MP: 5/5
  1965 | D:4      | Killed Natasha
  1965 | D:4      | Reached skill level 6 in Axes
  1974 | D:4      | Noticed Natasha
  1979 | D:4      | Killed Natasha
  2054 | D:4      | Noticed Natasha
  2071 | D:4      | Got a shimmering jade ring
  2079 | D:4      | Killed Natasha
  2081 | D:4      | Identified the ring "Yhao" {+Fly Str+5} (You found it on level 4 of the Dungeon)
  2263 | D:4      | Noticed Ijyb
  2271 | D:4      | Killed Ijyb
  2280 | D:4      | Found a burning altar of Makhleb.
  2281 | D:4      | Found a radiant altar of Vehumet.
  2291 | D:4      | Reached skill level 7 in Axes
  2291 | D:4      | Reached XP level 6. HP: 55/55 MP: 6/6
  2296 | D:4      | Became a worshipper of Makhleb the Destroyer
  2895 | D:5      | Entered Level 5 of the Dungeon
  2902 | D:5      | Found an iron altar of Okawaru.
  2910 | D:5      | Noticed Blork the orc
  2930 | D:5      | Killed Blork the orc
  2930 | D:5      | Reached skill level 8 in Axes
  2973 | D:5      | Reached XP level 7. HP: 48/61 MP: 7/7
  3022 | D:5      | Acquired Makhleb's first power
  3167 | D:5      | Found Seng's Gadget Shoppe.
  3482 | D:6      | Found a deep blue altar of Sif Muna.
  3547 | D:6      | Reached skill level 9 in Axes
  3763 | D:6      | Reached skill level 10 in Axes
  3804 | D:6      | Acquired Makhleb's second power
  3811 | D:6      | Reached XP level 8. HP: 52/68 MP: 8/8
  3839 | D:6      | Reached skill level 11 in Axes
  4147 | D:7      | Reached skill level 12 in Axes
  4254 | D:7      | Found Umimamio's General Store.
  4274 | D:7      | Found a staircase to the Ecumenical Temple.
  4339 | D:7      | Found a sacrificial altar of Ru.
  4543 | D:7      | Gained mutation: You passively map the area around you. [level up]
  4543 | D:7      | Reached XP level 9. HP: 74/74 MP: 9/9
  4549 | D:7      | Reached skill level 13 in Axes
  4598 | D:7      | Acquired Makhleb's third power
  5001 | D:8      | Found a blossoming altar of Fedhas.
  5015 | D:8      | Noticed an oklob plant
  5098 | D:8      | Reached skill level 5 in Fighting
  5113 | D:8      | Acquired Makhleb's fourth power
  5116 | D:8      | Noticed Joseph
  5126 | D:8      | Noticed Prince Ribbit
  5130 | D:8      | Killed Joseph
  5143 | D:8      | Killed Prince Ribbit
  5143 | D:8      | Reached XP level 10. HP: 80/92 MP: 10/10
  5435 | D:8      | Acquired Makhleb's fifth power
  5674 | D:8      | Noticed a moth of wrath
  5676 | D:8      | Found a bloodstained altar of Trog.
  6288 | D:9      | Reached skill level 14 in Axes
  6343 | D:9      | Found a staircase to the Lair.
  6420 | D:9      | Found a shimmering altar of Xom.
  6525 | D:9      | Found a white marble altar of Elyvilon.
  6525 | D:9      | Found a glowing golden altar of the Shining One.
  6525 | D:9      | Found a glowing silver altar of Zin.
  6860 | D:10     | Entered Level 10 of the Dungeon
  7174 | D:10     | Noticed a hill giant
  7176 | D:10     | Noticed a hill giant
  7198 | D:10     | Killed a hill giant
  7203 | D:10     | Killed a hill giant
  7203 | D:10     | Reached XP level 11. HP: 74/108 MP: 11/11
  7513 | D:10     | Noticed Psyche
  7525 | D:10     | Paralysed by Psyche for 2 turns
  7529 | D:10     | Killed Psyche
  7675 | D:11     | Found a staircase to the Orcish Mines.
  7680 | D:11     | Reached skill level 10 in Fighting
  7935 | Lair:1   | Entered Level 1 of the Lair of Beasts
  8227 | Lair:1   | Reached skill level 15 in Axes
  8437 | Lair:1   | Found a dark tunnel.
  8604 | Lair:1   | Noticed Erica
  8623 | Lair:1   | Killed Erica
  8915 | Lair:2   | Noticed a four-headed hydra
  8927 | Lair:2   | Killed a four-headed hydra
  9306 | Lair:2   | Reached skill level 5 in Armour
  9431 | Lair:2   | Noticed a six-headed hydra
  9446 | Lair:2   | Killed a six-headed hydra
  9542 | Lair:2   | Reached XP level 12. HP: 65/122 MP: 11/11
  9979 | Lair:3   | Noticed Gastronok
 10014 | Lair:3   | Killed Gastronok
 10233 | Lair:3   | Found a hole to the Spider Nest.
 11361 | Lair:5   | Reached skill level 1 in Invocations
 11582 | Lair:5   | Reached XP level 13. HP: 120/134 MP: 17/17
 11828 | Lair:5   | Noticed an eight-headed hydra
 11841 | Lair:5   | Killed an eight-headed hydra
 11884 | Lair:5   | Reached skill level 5 in Invocations
 12409 | Orc:1    | Entered Level 1 of the Orcish Mines
 12409 | Orc:1    | Found Crownaesimm's Antique Armour Boutique.
 12520 | Orc:1    | Found Yxky's Jewellery Shoppe.
 12877 | Orc:2    | Found an iron altar of Okawaru.
 12881 | Orc:2    | Noticed Eustachio
 12901 | Orc:2    | Killed Eustachio
 13482 | Orc:4    | Entered Level 4 of the Orcish Mines
 13708 | Orc:4    | Found Uskoe's Magic Scroll Boutique.
 13710 | Orc:4    | Found Uzeuc's Food Shop.
 14138 | Orc:4    | Found a staircase to the Elven Halls.
 14464 | Orc:4    | Reached skill level 10 in Armour
 14518 | Orc:4    | Paralysed by an orc sorcerer for 7 turns
 14561 | Orc:4    | Reached skill level 15 in Fighting
 14580 | Orc:4    | Found Qilaa's Antique Weapon Shoppe.
 14580 | Orc:4    | Found Baajebuo's Book Emporium.
 14580 | Orc:4    | Found a one-way gate leading to the halls of Pandemonium.
 14599 | Orc:4    | Gained mutation: You resist negative energy. [level up]
 14599 | Orc:4    | Reached XP level 14. HP: 86/147 MP: 26/26
 15636 | Lair:6   | Found a viscous altar of Jiyva.
 15636 | Lair:6   | Found a staircase to the Slime Pits.
 16219 | Lair:7   | Reached XP level 15. HP: 154/154 MP: 27/27
 16623 | Lair:8   | Entered Level 8 of the Lair of Beasts
 16719 | Lair:8   | Noticed Nergalle
 16739 | Lair:8   | Killed Nergalle
 16739 | Lair:8   | Reached skill level 10 in Invocations
 17785 | D:11     | Found a stormy altar of Qazlal.
 17905 | D:11     | Noticed asdu's ghost (powerful DEFE)
 17924 | D:11     | Killed asdu's ghost
 18011 | D:11     | Noticed a hill giant
 18024 | D:11     | Killed a hill giant
 18950 | D:11     | Noticed a five-headed hydra
 18960 | D:11     | Killed a seven-headed hydra
 18960 | D:11     | Reached skill level 16 in Fighting
 19278 | D:12     | Identified the Guide on Attacks
 19691 | D:13     | Noticed Erolcha
 19699 | D:13     | Killed Erolcha
 19778 | D:13     | Noticed a six-headed hydra
 19786 | D:13     | Killed a six-headed hydra
 20007 | D:13     | Found a gate to the Vaults.
 20016 | D:13     | Reached XP level 16. HP: 165/165 MP: 29/29
 20625 | D:14     | Noticed Rupert
 20644 | D:14     | Killed Rupert
 21444 | D:14     | Got an ichor-stained broad axe {drain}
 21445 | D:14     | Identified the cursed +3 broad axe of the Turnip {drain, +Rage +Inv MR- Int-4 Dex+4} (You took it off a centaur warrior on level 14 of the Dungeon)
 22197 | D:15     | Entered Level 15 of the Dungeon
 22343 | D:15     | Reached skill level 17 in Fighting
 22436 | D:15     | Found a staircase to the Depths.
 22568 | D:15     | Identified a scroll of acquirement
 23433 | Spider:1 | Entered Level 1 of the Spider Nest
 23884 | Spider:1 | Reached XP level 17. HP: 176/176 MP: 31/31
 24006 | Spider:2 | Noticed Norris
 24023 | Spider:2 | Killed Norris
 24274 | Spider:2 | Noticed Arachne
 24298 | Spider:2 | Killed Arachne
 24821 | Spider:3 | Reached skill level 18 in Axes
 25239 | Spider:3 | You fall through a shaft!
 26261 | Spider:5 | Entered Level 5 of the Spider Nest
 26617 | Spider:5 | Found a frozen archway.
 26639 | IceCv    | Entered an ice cave
 27069 | IceCv    | Reached skill level 19 in Axes
 27155 | IceCv    | Noticed an Ice Fiend
 27189 | IceCv    | Killed an Ice Fiend
 27326 | IceCv    | Identified the Tome of the Hundredfold Seas
 27685 | Spider:5 | Noticed Nikola
 27685 | Spider:5 | Gained mutation: You passively map a large area around you. [level up]
 27685 | Spider:5 | Reached XP level 18. HP: 133/186 MP: 32/32
 27839 | Spider:5 | Killed Nikola
 27839 | Spider:5 | Reached skill level 15 in Armour
 27893 | Spider:5 | Noticed Aizul
 27911 | Spider:5 | Killed Aizul
 28102 | Spider:5 | Got a gossamer rune of Zot
 28154 | Spider:5 | Reached skill level 20 in Axes
 28549 | Lair:5   | Found a staircase to the Swamp.
 28564 | Swamp:1  | Entered Level 1 of the Swamp
 28564 | Swamp:1  | Noticed Agnes
 28573 | Swamp:1  | Killed Agnes
 28613 | Swamp:1  | Noticed Nessos
 28634 | Swamp:1  | Killed Nessos
 30192 | Swamp:3  | Noticed Louise
 30203 | Swamp:3  | Killed Louise
 30349 | Swamp:3  | Noticed Wiglaf
 30365 | Swamp:3  | Killed Wiglaf
 30486 | Swamp:3  | Noticed Frances
 30499 | Swamp:3  | Killed Frances
 31235 | Swamp:4  | Reached skill level 21 in Axes
 31877 | Swamp:5  | Entered Level 5 of the Swamp
 31970 | Swamp:5  | Reached XP level 19. HP: 189/189 MP: 32/32
 32532 | Swamp:5  | Noticed a bone dragon
 32566 | Swamp:5  | HP: 6/200 [bone dragon (13)]
 32567 | Swamp:5  | Slain by a bone dragon

Action                   |  1- 3 |  4- 6 |  7- 9 | 10-12 | 13-15 | 16-18 | 19-21 || total
-------------------------+-------+-------+-------+-------+-------+-------+-------++-------
Melee: War axe           |   104 |   168 |   377 |   931 |  1489 |   327 |       ||  3396
       Morningstar       |       |       |       |    35 |    45 |    15 |       ||    95
       Broad axe         |       |       |       |       |       |  1823 |   143 ||  1966
Invok: Greater Servant o |       |       |       |       |     1 |     4 |       ||     5
       Major Destruction |       |       |       |       |       |     6 |       ||     6
 Abil: Device Recharging |       |       |       |     1 |       |       |       ||     1
Evoke: Wand              |       |     4 |     2 |    15 |     7 |    11 |       ||    39
  Use: Scroll            |       |     8 |     9 |    11 |     9 |    20 |     1 ||    58
       Potion            |       |       |     1 |     4 |     4 |     6 |     6 ||    21
 Stab: Confused          |       |       |       |       |       |     4 |       ||     4
  Eat: Chunk             |       |     6 |     7 |    24 |    21 |    14 |       ||    72
       Royal jelly       |       |       |       |     1 |     1 |       |       ||     2
       Pizza             |       |       |       |       |     1 |     7 |       ||     8
       Beef jerky        |       |       |       |       |     3 |     3 |       ||     6
       Meat ration       |       |       |       |       |       |     3 |       ||     3
